 Dungeon Crawl Stone Soup version 0.28-a0-1202-g1e6f1b2279 (webtiles) character file.

Game seed: 7016961128840049573

785 ChaosChampion the Thaumaturge (level 7, -9/36 HPs)
             Began as a Deep Elf Conjurer on Dec 20, 2021.
             Was an Initiate of Vehumet.
             Mangled by a shadow (13 damage)
             ... on level 4 of the Dungeon.
             The game lasted 00:05:11 (5371 turns).

ChaosChampion the Thaumaturge (Deep Elf Conjurer)   Turns: 5371, Time: 00:05:11

Health: -9/36      AC:  4    Str:  4    XL:     7   Next: 56%
Magic:  2/22       EV: 12    Int: 25    God:    Vehumet [......]
Gold:   250        SH:  5    Dex: 13    Spells: 14/25 levels left

rFire   . . .      SeeInvis .   (no weapon)
rCold   . . .      Faith    .   (no shield)
rNeg    . . .      Spirit   .   q - +1 robe "Xihi Upe" {rElec}
rPois   .          Reflect  +   (no helmet)
rElec   +          Harm     .   e - +0 cloak
rCorr   .          Rampage  .   (no gloves)
Will    .....                   (no boots)
Stlth   ++........              i - amulet of reflection
HPRegen 0.12/turn               (no ring)
MPRegen 0.18/turn               (no ring)

@: no status effects
A: no striking features
a: Renounce Religion


You were on level 4 of the Dungeon.
You worshipped Vehumet.
Vehumet was noncommittal.
You visited 2 branches of the dungeon, and saw 6 of its levels.

You collected 250 gold pieces.

Inventory:

Armour
 a - a +0 robe
 e - a +0 cloak (worn)
 q - the +1 robe "Xihi Upe" (worn) {rElec}
   (You found it on level 5 of the Dungeon)

   rElec:     It insulates you from electricity.
Jewellery
 i - an amulet of reflection (around neck)
 r - a ring of willpower
Wands
 p - a wand of charming (7)
Scrolls
 b - a scroll of teleportation {unknown}
 c - 3 scrolls of identify {unknown}
 d - 2 scrolls of immolation {unknown}
 h - a scroll of amnesia {unknown}
 j - 2 scrolls of enchant armour {unknown}
 l - a scroll of fear {unknown}
 m - a scroll of silence {unknown}
 o - a scroll of vulnerability {unknown}
Potions
 f - a potion of curing {unknown}
 g - a potion of mutation {unknown}
 k - a potion of haste {unknown}
 n - a potion of berserk rage {unknown}


   Skills:
 - Level 2.4 Dodging
 - Level 2.4 Stealth
 * Level 9.5 Spellcasting
 + Level 6.9 Conjurations


You had 14 spell levels left.
You knew the following spells:

 Your Spells              Type           Power      Damage    Failure   Level
a - Magic Dart            Conj           100%       1d8       1%          1
b - Searing Ray           Conj           92%        2d7       1%          2
c - Fulminant Prism       Conj/Hex       14%        3d9       12%         4
d - Iskenderun's Mystic   Conj/Tloc      29%        2d7       12%         4

Your spell library contained the following spells:

 Spells                   Type           Power      Damage    Failure   Level
 Dazzling Flash           Conj/Hex       58%        N/A       3%          3


Dungeon Overview and Level Annotations

Branches:
Dungeon (5/15)             Temple (1/1) D:4

Altars:
Cheibriados
Fedhas
Gozag
Hepliaklqana
Nemelex Xobeh
Okawaru
Qazlal
Vehumet
Xom
Zin

Shops:
D:5 :


Message History

The blast of energy engulfs something!
You hear a bark!
Casting: Fulminant Prism (quite dangerous; 12% risk of failure)
Confirm with . or Enter, or press ? or * to list all spells.
You don't have enough magic to cast this spell.
Unknown command.
Casting: Fulminant Prism (quite dangerous; 12% risk of failure)
Confirm with . or Enter, or press ? or * to list all spells.
Aiming: Searing Ray (safe; 1% risk of failure)
Press: ? - help, Shift-Dir - straight line The searing ray hits something. (Press . to maintain the ray.) Without enough magic to sustain it, your searing ray dissipates.
The shadow strikes at you from the darkness!
Reactivating autopickup.
The shadow slips into darkness.
The shadow flickers and vanishes!
Deactivating autopickup; reactivate with Ctrl-A.
The shadow strikes at you from the darkness!
Ouch! That really hurt!
* * * LOW HITPOINT WARNING * * *
Reactivating autopickup.
The shadow slips into darkness.
The shadow flickers and vanishes!
Deactivating autopickup; reactivate with Ctrl-A.
There is a stone staircase leading up, spattered with blood here.
The shadow strikes at you from the darkness!
* * * LOW HITPOINT WARNING * * *
Reactivating autopickup.
You climb upwards.
There is a stone staircase leading down here.
The shadow slips into darkness.
The shadow flickers and vanishes!
Deactivating autopickup; reactivate with Ctrl-A.
Casting: Searing Ray (safe; 1% risk of failure)
Confirm with . or Enter, or press ? or * to list all spells.
The spell is quite dangerous to miscast (12% risk of failure)!
Continue anyway?
You erupt in a blast of force!
The mystic blast hits something!
The shadow strikes at you from the darkness!
You die...

.#...)...#.# #.......>.# ##.##
.#.......#.# #####.##### #(#
.##.....##.## #.# #.#
..##...##...## #.# ##+##
..รท#####.....# #.# ##...##
#.........#..######.# ##.....##
...##'##.....##.....# ##.......#
..##..###...###.#...####.........
###.....#####...@......+.........
#...### ###.#...####.........
##..# #.##.## ##.......# ##.##
#.#### ##..<..## #...# #.#
##...## #...# #.# ##+## #...#
#.### #.# #.### #...# ###.####
#.# ###.########.......


There were no monsters in sight!

Vanquished Creatures
  An orc warrior (D:5)
  3 ogres
  A scorpion (D:5)
  A water moccasin skeleton (D:4)
  A hound (D:4)
  An iguana (D:4)
  Terence (D:3)
  Natasha (D:4)
  A scorpion zombie (D:5)
  A hound skeleton (D:4)
  7 adders
  An ufetubus (D:4)
  An adder skeleton (D:4)
  2 worms
  3 dart slugs
  13 orcs
  6 bats
  8 endoplasms
  5 giant cockroaches
  A goblin (D:1)
  13 hobgoblins
  4 jackals
  3 quokkas
  5 ball pythons
  3 frilled lizards
  8 kobolds
  10 rats
  A fulminant prism (D:5)
106 creatures vanquished.

Vanquished Creatures (others)
  3 fulminant prisms
3 creatures vanquished.

Grand Total: 109 creatures vanquished

Notes
Turn   | Place    | Note
-------+----------+-------------------------------------------
     0 | D:1      | ChaosChampion the Deep Elf Conjurer began the quest for the
                  | Orb.
     0 | D:1      | Reached XP level 1. HP: 10/10 MP: 6/6
   207 | D:1      | Reached XP level 2. HP: 15/15 MP: 5/8
   325 | D:1      | Found a faded altar of an unknown god.
   401 | D:1      | Reached skill level 4 in Spellcasting
   542 | D:1      | Learned a level 2 spell: Searing Ray
   749 | D:1      | Reached XP level 3. HP: 19/19 MP: 7/10
   773 | D:1      | You fall into a shaft and drop 1 floor!
  1200 | D:2      | Reached skill level 5 in Spellcasting
  1200 | D:2      | Reached skill level 5 in Conjurations
  1249 | D:2      | Reached XP level 4. HP: 24/24 MP: 8/13
  2445 | D:3      | Noticed Terence
  2452 | D:3      | Killed Terence
  2453 | D:3      | Reached skill level 6 in Spellcasting
  2571 | D:4      | Reached XP level 5. HP: 28/28 MP: 12/15
  3066 | D:4      | Found a staircase to the Ecumenical Temple.
  3113 | Temple   | Entered the Ecumenical Temple
  3347 | Temple   | Became a worshipper of Vehumet
  3510 | D:4      | Noticed Natasha
  3515 | D:4      | Reached skill level 7 in Spellcasting
  3520 | D:4      | Killed Natasha
  3521 | D:4      | Reached XP level 6. HP: 27/32 MP: 4/18
  3526 | D:4      | Learned a level 4 spell: Fulminant Prism
  3531 | D:4      | Learned a level 4 spell: Iskenderun's Mystic Blast
  4067 | D:4      | Reached skill level 8 in Spellcasting
  4442 | D:5      | Entered Level 5 of the Dungeon
  4951 | D:5      | Identified the +1 robe "Xihi Upe" {rElec}
  4964 | D:5      | Reached XP level 7. HP: 24/36 MP: 7/21
  5172 | D:5      | Reached skill level 9 in Spellcasting
  5261 | D:5      | Found Bikk's Book Shop.
  5334 | D:5      | Noticed a shadow
  5371 | D:4      | Mangled by a shadow

Illustrated notes

Levels and vault maps discovered:
D:1:      lemuel_arrival_funnel, layout_loops_cross,
          shapermc_ecumenical_altar_mp_highgroup, serial_bayou_pond_a
D:2:      layout_rooms, minmay_crystal_room, wad_orctagon
D:3:      layout_basic, minmay_fractal_squares_gapless_5, uniq_terence
D:4:      minmay_octagon_keep, layout_loops_corners,
          minmay_temple_entry_statues_fountains, uniq_natasha
D:5:      layout_basic, hangedman_decor_peaks_small,
          nicolae_inconvenience_store, grunt_decor_junction, bh_walls_and_bars
Temple:   jpeg_temple_alley_garden

Skill      XL: |  1  2  3  4  5  6  7 |
---------------+----------------------+-----
Spellcasting   | 4 5 6 7 8 9 |  9.5
Conjurations   | 5 6 |  6.9
Dodging        | |  2.4
Stealth        | |  2.4

Action                   |  1- 3 |  4- 6 |  7- 9 || total
-------------------------+-------+-------+-------++-------
 Cast: Magic Dart        |    78 |   103 |     9 ||   190
       Searing Ray       |     2 |    24 |     8 ||    34
       Iskenderun's Myst |       |     2 |     2 ||     4
       Fulminant Prism   |       |     1 |     3 ||     4
Armor: Robe              |     2 |     2 |       ||     4
Dodge: Dodged            |     5 |    14 |     1 ||    20

Table legend: (Time is in decaauts)
 A = Elapsed time spent in this place.
 B = Non-inter-level travel time spent in this place.
 C = Inter-level travel time spent in this place.
 D = Time resting spent in this place.
 E = Time spent auto-exploring this place.
 F = Levels seen in this place.
 G = Mean time per level.
                   A        B        C        D        E       F      G
               +--------+--------+--------+--------+--------+-----+--------+
         Total |   5372 |   5217 |    155 |    329 |   4242 |   6 |  895.3 |
       Dungeon |   5098 |   4996 |    102 |    329 |   4067 |   5 | 1019.6 |
        Temple |    273 |    220 |     53 |      0 |    175 |   1 |  273.0 |
               +--------+--------+--------+--------+--------+-----+--------+

Top non-repeatable levels by time:
     D:4: 1991 daAuts
     D:2: 962 daAuts
     D:3: 831 daAuts
     D:1: 773 daAuts
     D:5: 539 daAuts
  Temple: 273 daAuts
